 Dungeon Crawl Stone Soup version 0.29.1-1-gd02db6906a (webtiles) character file.

Game seed: 11921455541743211390

709 EvilAshe the Slasher (level 8, -6/62 HPs)
             Began as a Human Fighter on Sept 26, 2022.
             Mangled by a wraith (9 damage)
             ... on level 10 of the Dungeon.
             The game lasted 00:12:03 (4566 turns).

EvilAshe the Slasher (Human Fighter)                Turns: 4566, Time: 00:12:03

Health: -6/62      AC: 12    Str: 19    XL:     8   Next: 0%
Magic:  0/8        EV:  7    Int: 15    God:
Gold:   93         SH:  4    Dex: 12    Spells: 7/7 levels left

rFire   + + .      SeeInvis .   a - +0 long sword
rCold   . . .      Faith    .   c - +0 buckler
rNeg    . . .      Spirit   +   A - +0 chain mail {rF+}
rPois   .          Reflect  .   e - +0 helmet
rElec   .          Harm     .   (no cloak)
rCorr   .          Rampage  .   (no gloves)
Will    .....                   k - +0 pair of boots
Stlth   ..........              i - amulet of guardian spirit
HPRegen 0.20/turn               u - ring of protection from fire
MPRegen 0.11/turn               b - +6 ring of intelligence

@: mighty
A: no striking features
a: no special abilities


You were on level 10 of the Dungeon.
You visited 1 branch of the dungeon, and saw 8 of its levels.

You collected 242 gold pieces.
You spent 149 gold pieces at shops.

Inventory:

Hand Weapons
 a - a +0 long sword (weapon)
Missiles
 m - 24 stones (quivered)
 s - a silver javelin
 z - 6 poisoned darts
Armour
 c - a +0 buckler (worn)
 e - a +0 helmet (worn)
 k - a +0 pair of boots (worn)
 A - a +0 chain mail of fire resistance (worn)
Jewellery
 b - a +6 ring of intelligence (right hand)
 i - an amulet of guardian spirit (around neck)
 u - a ring of protection from fire (left hand)
Scrolls
 j - a scroll of torment {unknown}
 n - a scroll of butterflies {unknown}
 o - a scroll of vulnerability {unknown}
 q - a scroll of amnesia {unknown}
 r - a scroll of teleportation {unknown}
 t - 2 scrolls of blinking {unknown}
 w - 3 scrolls of poison {unknown}
 y - 2 scrolls of fear {unknown}
Potions
 f - a potion of mutation
 g - a potion of resistance
 h - a potion of brilliance
 l - a potion of lignification
 p - 2 potions of curing
 v - 2 potions of magic
 x - a potion of haste {unknown}


   Skills:
 + Level 5.0 Fighting
 * Level 6.1 Long Blades
 + Level 5.0 Armour
 - Level 3.0 Shields


You had 7 spell levels left.
You didn't know any spells.
Your spell library contained the following spells:

 Spells                   Type           Power      Damage    Failure   Level
 Inner Flame              Hex/Fire       0%         N/A       100%        3
 Cause Fear               Hex            0%         N/A       100%        4
 Discord                  Hex            0%         N/A       100%        8


Dungeon Overview and Level Annotations

Branches:
Dungeon (10/15)
 Temple: D:4-7         Lair: D:8-11         Orc: D:9-12

Altars:
Dithmenos
Gozag
Kikubaaqudgha
Uskayaw
Vehumet

Shops:
D:10 *


Message History

Something hits you but does no damage. Something hits you but does no damage.
You hit something. Something hits you.
You miss something. Something hits you but does no damage.
You barely miss something.
Something hits you but does no damage. x3
You feel very mighty all of a sudden. Something hits you.
You closely miss something. Something hits you.
You closely miss something. Something hits you but does no damage.
You slash something!
Something hits you but does no damage. x2
You miss something. Something hits you.
You miss something. Something hits you! Something hits you.
* * * LOW HITPOINT WARNING * * *
You barely miss something. Something hits you.
* * * LOW HITPOINT WARNING * * *
You slash something! Something hits you.
* * * LOW HITPOINT WARNING * * *
You slash something!
Something hits you but does no damage. x2
You miss something. Something hits you but does no damage.
You miss something. Something hits you but does no damage.
Something completely misses you.
You hit something. Something hits you!
* * * LOW HITPOINT WARNING * * *
Something hits you.
* * * LOW HITPOINT WARNING * * *
You slice something!!
Reactivating autopickup.
You feel a bit more experienced. The wraith barely misses you.
Your Fighting skill increases to level 5!
Your Long Blades skill increases to level 6!
Your Armour skill increases to level 5!
You have reached level 8!
You feel stronger.
You slash the wraith!
The wraith is moderately damaged.
The wraith closely misses you.
You hit the wraith.
The wraith is moderately damaged.
The wraith hits you!
You die...

#.......# #.....#
#######.## #.....#
#..# ###'### ###'##
#...# #[...# ###.#
#...W# #.# #....#
#####'##
#....#########......#
#....'.W@....'......#
#....#########......#
#....# #......+
#....# #......#
#....# ########
######


You could see a wraith.

Vanquished Creatures
  An unseen horror (D:10)
  A centaur (D:9)
  A necrophage (D:5)
  A scorpion (D:4)
  2 iguanas
  2 orc wizards (D:8)
  6 adders
  A white imp (D:8)
  A worm (D:4)
  5 dart slugs
  2 orcs
  5 endoplasms
  2 giant cockroaches
  8 goblins
  4 hobgoblins
  7 jackals
  8 kobolds
  2 quokkas
  9 ball pythons
  4 bats
  3 frilled lizards
  3 rats
78 creatures vanquished.

Vanquished Creatures (others)
  A plant (D:2)
  3 withered plants (D:2)
4 creatures vanquished.

Grand Total: 82 creatures vanquished

Notes
Turn   | Place    | Note
-------+----------+-------------------------------------------
     0 | D:1      | EvilAshe the Human Fighter began the quest for the Orb.
     0 | D:1      | Reached XP level 1. HP: 18/18 MP: 1/1
   190 | D:1      | Reached XP level 2. HP: 24/24 MP: 2/2
   593 | D:1      | Reached XP level 3. HP: 29/29 MP: 3/3
  1022 | D:2      | Found a faded altar of an unknown god.
  1618 | D:2      | Reached skill level 3 in Long Blades
  1825 | D:3      | Found a radiant altar of Vehumet.
  1842 | D:3      | Reached XP level 4. HP: 35/35 MP: 4/4
  2195 | D:3      | Found a hide-covered altar of Uskayaw.
  2318 | D:3      | Found an opulent altar of Gozag.
  2590 | D:4      | Reached XP level 5. HP: 39/42 MP: 5/5
  2763 | D:4      | Identified the +2 robe of Dithmenos's Regard {rN++}
  2980 | D:4      | Reached skill level 4 in Long Blades
  3225 | D:4      | Reached XP level 6. HP: 46/48 MP: 6/6
  3562 | D:5      | Entered Level 5 of the Dungeon
  3586 | D:5      | You fall into a shaft and drop 3 floors!
  3802 | D:8      | Reached skill level 5 in Long Blades
  4009 | D:8      | Reached XP level 7. HP: 55/55 MP: 7/7
  4011 | D:8      | Found an ancient bone altar of Kikubaaqudgha.
  4094 | D:8      | Noticed a steam dragon
  4418 | D:9      | Noticed a cyclops
  4442 | D:10     | Entered Level 10 of the Dungeon
  4455 | D:10     | Found Jirchaji's Fire Supplies.
  4461 | D:10     | Bought a +0 chain mail of fire resistance for 149 gold
                  | pieces
  4533 | D:10     | Found a shadowy altar of Dithmenos.
  4534 | D:10     | Noticed a wraith
  4563 | D:10     | HP: 2/55 [something (5)]
  4564 | D:10     | Killed an unseen horror
  4565 | D:10     | Reached skill level 5 in Fighting
  4565 | D:10     | Reached skill level 6 in Long Blades
  4565 | D:10     | Reached skill level 5 in Armour
  4565 | D:10     | Reached XP level 8. HP: 3/62 MP: 0/8
  4566 | D:10     | Mangled by a wraith

Illustrated notes

Levels and vault maps discovered:
D:1:      shiori_arrival_elements, layout_basic
D:2:      layout_loops_ring, shapermc_ecumenical_altar_flowoftime
D:3:      layout_basic, nicolae_overflow_hidden_temple, lemuel_doored_altar,
          nicolae_uskayaw_suspiria, nicolae_underground_beach
D:4:      layout_loops_ring
D:5:      layout_loops_ring, nemelex_dance_club_becter,
          nicolae_ossuary_entry_catacombs, glass_columns_a, uniq_eustachio
D:8:      layout_loops_ring, lemuel_coloured_pillars_altar
D:9:      layout_gridville, old_standard_altar, orc_0_dummy
D:10:     layout_roguey, grunt_temple_overflow_order_and_chaos_2,
          mainiacjoe_overflow_catwalk, nicolae_shop_fire_sale
          [nicolae_sub_dead_trees], nicolae_transporter_intersection

Skill      XL: |  1  2  3  4  5  6  7 |
---------------+----------------------+-----
Long Blades    | 3 4 5 6 |  6.1
Fighting       | 4 5 |  5.0
Armour         | 4 5 |  5.0
Shields        | |  3.0

Action                   |  1- 3 |  4- 6 |  7- 9 || total
-------------------------+-------+-------+-------++-------
Melee: Long sword        |    92 |   229 |    26 ||   347
Throw: Stone             |       |     4 |       ||     4
       Javelin           |       |     5 |       ||     5
  Use: Scroll            |       |     5 |     1 ||     6
       Potion            |       |     1 |     1 ||     2
Armor: Scale mail        |    48 |    45 |       ||    93
       Chain mail        |       |   108 |    38 ||   146
Dodge: Dodged            |    47 |    64 |    10 ||   121
Block: Buckler           |    16 |    56 |     4 ||    76
